 Dungeon Crawl Stone Soup version 0.21.1-1-g345015fe64 (webtiles) character file.

2408 Oravi the Martial Artist (level 9, 0/62 HPs)
             Began as a Merfolk Transmuter on Apr 26, 2018.
             Was an Initiate of Qazlal.
             Slain by a two-headed ogre
             ... wielding a +0 giant spiked club
              (26 damage)
             ... on level 8 of the Dungeon.
             The game lasted 00:38:17 (9012 turns).

Oravi the Martial Artist (Merfolk Transmuter)       Turns: 9012, Time: 00:38:17

Health: 0/62       AC:  2    Str: 10    XL:     9   Next: 47%
Magic:  10/12      EV: 26    Int: 16    God:    Qazlal [......]
Gold:   495        SH:  0    Dex: 19    Spells: 2/12 levels left

rFire    . . .     SeeInvis +     - Unarmed
rCold    . . .     Gourm    .   (shield currently unavailable)
rNeg     . . .     Faith    .   (armour currently unavailable)
rPois    x         Spirit   .   (helmet currently unavailable)
rElec    .         Reflect  .   (cloak currently unavailable)
rCorr    .         Harm     .   (gloves currently unavailable)
MR       .....                  (boots currently unavailable)
Stlth    +++.......             g - amulet of rage
HPRegen  0.20/turn              k - ring of see invisible (curse)
MPRegen  0.13/turn              D - ring of stealth

@: spider-form
A: tiny, (change form in water), (swift swim), (stealthy swim)
a: End Transformation, Renounce Religion, Evoke Berserk Rage


You were on level 8 of the Dungeon.
You worshipped Qazlal.
Qazlal was noncommittal.
You were not hungry.
You were a venomous arachnid creature.
You visited 2 branches of the dungeon, and saw 9 of its levels.

You collected 495 gold pieces.

Inventory:

Hand Weapons
 u - a +3 spear of chaos
Missiles
 a - 80 arrows
Armour
 b - a +0 robe (melded)
 o - a +0 pair of boots (melded)
 q - +0 gold dragon scales
 t - a +2 cloak (melded)
 z - a +0 leather armour of poison resistance
 G - a +0 pair of gloves (melded)
Jewellery
 g - an amulet of rage (around neck)
 k - a cursed ring of see invisible (left front leg)
 w - an uncursed ring of protection from magic
 x - a +6 amulet of reflection {unknown}
 y - an uncursed ring of protection from magic
 D - a ring of stealth (right front leg)
Wands
 p - a wand of flame (35)
 C - a wand of acid (5)
 H - a wand of enslavement (13)
Scrolls
 j - 2 scrolls of remove curse
 r - 4 scrolls of enchant weapon
 s - 2 scrolls of enchant armour
 v - a scroll of amnesia
 A - 6 scrolls of identify
 I - 2 scrolls of fear {unknown}
Potions
 e - 4 potions of might
 h - a potion of flight
 i - 2 potions of haste
 m - 2 potions of magic {unknown}
 n - 4 potions of curing
 B - a potion of ambrosia {unknown}
 F - a potion of mutation {unknown}
Books
 c - a book of Changes

   Spells                             Type                      Level
   a - Beastly Appendage              Transmutation                1
   b - Sticks to Snakes               Transmutation                2
   c - Spider Form                    Transmutation/Poison         3
   d - Ice Form                       Ice/Transmutation            4
   e - Blade Hands                    Transmutation                5
 l - a Young Poisoner's Handbook

   Spells                             Type                      Level
   a - Sting                          Conjuration/Poison           1
   b - Poisonous Vapours              Poison/Air                   2
   c - Mephitic Cloud                 Conjuration/Poison/Air       3
   d - Olgreb's Toxic Radiance        Poison                       4
   e - Venom Bolt                     Conjuration/Poison           5
 E - a book of Necromancy

   Spells                             Type                      Level
   a - Pain                           Necromancy                   1
   b - Animate Skeleton               Necromancy                   1
   c - Vampiric Draining              Necromancy                   3
   d - Regeneration                   Charms/Necromancy            3
   e - Animate Dead                   Necromancy                   4
   f - Borgnjor's Vile Clutch         Necromancy/Earth             5
Comestibles
 d - 18 rations


   Skills:
 + Level 2.9 Fighting
 + Level 6.3 Dodging
 + Level 9.3 Unarmed Combat
 - Level 2.0 Spellcasting
 * Level 8.6 Transmutations
 * Level 3.8 Ice Magic
 - Level 3.5 Poison Magic


You had 2 spell levels left.
You knew the following spells:

 Your Spells              Type           Power        Failure   Level  Hunger
a - Beastly Appendage     Tmut           ####..       4%          1    #......
b - Sticks to Snakes      Tmut           ####....     4%          2    ###....
c - Spider Form           Tmut/Pois      ###.......   14%         3    ###....
d - Ice Form              Ice/Tmut       ###.....     34%         4    #####..


Dungeon Overview and Level Annotations

Branches:
Dungeon (8/15)             Temple (1/1) D:7
   Lair: D:8-11

Altars:
Ashenzari
Fedhas
Gozag
Hepliaklqana
Kikubaaqudgha
Makhleb
Nemelex Xobeh
Okawaru
Qazlal
Ru
Sif Muna
Trog
Uskayaw
Vehumet
Wu Jian
Xom
Yredelemnul
Zin

Shops:
D:7 (

Annotations:
D:7 1 runed door


Message History

You hear an angry hiss.
You hear a shout!
The centaur wields a shortbow.
The centaur shoots an arrow.
The arrow hits you!
The goblin skeleton moves out of view.
The kobold skeleton moves out of view.
You see here an arrow.
An adder comes into view.
The centaur shoots an arrow.
The arrow misses you.
Found a robe.
Found a stone staircase leading down.
The centaur shoots an arrow.
The arrow misses you.
The centaur shoots an arrow.
The arrow misses you.
You see here 3 arrows.
You bite the hobgoblin zombie!
You destroy the hobgoblin zombie!
Qazlal accepts your kill. The hobgoblin zombie hits you.
You bite the hobgoblin zombie!
You destroy the hobgoblin zombie!
Qazlal accepts your kill.
A white imp comes into view.
The two-headed ogre hits you with a giant spiked club!! x2
You die...

#.# #.# #.# #.#
#.# #.# #.# #.#
#s# #O#
......cZ.>#
.[....#.#....
...............
....5 ... .....
......##.#..###
.... . .. #.
...... .. ..


You could see a two-headed ogre, a centaur, a white imp (wandering) and a goblin
skeleton.

Vanquished Creatures
  Pikel (D:7)
  A hungry ghost (D:7)
  2 ogres
  2 slaves (D:7)
  A black bear (D:6)
  A centaur (D:7)
  A gnoll sergeant (D:6)
  2 bullfrogs
  4 killer bees (D:4)
  2 howler monkeys
  2 crimson imps
  A centaur zombie (D:5)
  8 hounds
  3 orc priests
  2 centaur skeletons
  2 iguanas
  5 worker ants
  4 orc wizards
  A hound skeleton (D:6)
  A worker ant zombie (D:5)
  7 adders
  7 gnolls
  2 shadow imps
  An adder skeleton (D:6)
  4 worms
  3 dart slugs
  5 leopard geckos
  25 orcs
  7 bats
  9 giant cockroaches
  7 goblins
  7 hobgoblins
  15 jackals
  11 kobolds
  5 quokkas
  A ball python (D:2)
  3 frilled lizards
  A giant cockroach zombie (D:5)
  2 hobgoblin zombies (D:8)
  A leopard gecko skeleton (D:3)
  A quokka zombie (D:5)
  7 rats
177 creatures vanquished.

Notes
Turn   | Place    | Note
-------+----------+-------------------------------------------
     0 | D:1      | Oravi the Merfolk Transmuter began the quest for the Orb.
     0 | D:1      | Reached XP level 1. HP: 15/15 MP: 3/3
    72 | D:1      | Reached XP level 2. HP: 17/21 MP: 5/5
   536 | D:1      | Reached XP level 3. HP: 18/26 MP: 4/6
   694 | D:1      | Reached skill level 4 in Unarmed Combat
   846 | D:1      | Learned a level 2 spell: Sticks to Snakes
   850 | D:1      | Learned a level 3 spell: Spider Form
  1514 | D:2      | You fall through a shaft for 2 floors!
  1972 | D:2      | Found a glowing silver altar of Zin.
  2248 | D:3      | Reached XP level 4. HP: 29/33 MP: 0/7
  2605 | D:3      | Reached skill level 1 in Poison Magic
  2921 | D:3      | Reached XP level 5. HP: 34/38 MP: 2/8
  3306 | D:3      | Found a shimmering altar of Xom.
  3918 | D:4      | Reached skill level 5 in Unarmed Combat
  3918 | D:4      | Reached XP level 6. HP: 37/44 MP: 5/9
  4072 | D:5      | Entered Level 5 of the Dungeon
  4129 | D:5      | Reached skill level 5 in Transmutations
  4262 | D:5      | Reached XP level 7. HP: 38/50 MP: 6/10
  4413 | D:5      | Learned a level 4 spell: Ice Form
  4425 | D:4      | Reached skill level 6 in Unarmed Combat
  5504 | D:4      | Found a sacrificial altar of Ru.
  6293 | D:5      | Reached skill level 1 in Ice Magic
  6293 | D:5      | Reached XP level 8. HP: 56/56 MP: 6/11
  6384 | D:5      | Reached skill level 5 in Dodging
  6705 | D:6      | Reached skill level 7 in Unarmed Combat
  7433 | D:6      | Reached skill level 8 in Unarmed Combat
  7953 | D:7      | Found Geosmit's Antique Weapon Emporium.
  8238 | D:7      | Reached XP level 9. HP: 62/62 MP: 9/12
  8335 | D:7      | Found a runed door.
  8471 | D:7      | Found a staircase to the Ecumenical Temple.
  8485 | Temple   | Entered the Ecumenical Temple
  8657 | Temple   | Became a worshipper of Qazlal Stormbringer
  8679 | D:7      | Noticed Pikel
  8697 | D:7      | Killed Pikel
  8697 | D:7      | Reached skill level 9 in Unarmed Combat
  9001 | D:8      | Noticed a two-headed ogre
  9012 | D:8      | Slain by a two-headed ogre

Skill      XL: |  1  2  3  4  5  6  7  8  9 |
---------------+----------------------------+-----
Transmutations | 3 4 5 6 7 8 |  8.6
Dodging        | 3 4 5 6 |  6.3
Unarmed Combat | 4 5 6 8 9 |  9.3
Poison Magic   | 1 2 3 |  3.5
Fighting       | 2 |  2.9
Ice Magic      | 1 2 3 |  3.8
Spellcasting   | |  2.0

Action                   |  1- 3 |  4- 6 |  7- 9 || total
-------------------------+-------+-------+-------++-------
Melee: Unarmed           |   112 |   141 |   282 ||   535
       Headbutt          |    10 |     2 |       ||    12
 Cast: Beastly Appendage |    14 |     3 |       ||    17
       Spider Form       |    10 |    22 |    43 ||    75
  Use: Scroll            |     6 |     3 |     2 ||    11
       Potion            |       |       |     3 ||     3
 Stab: Sleeping          |     1 |     2 |     2 ||     5
  Eat: Chunk             |     6 |    10 |    18 ||    34
       Ration            |       |       |     1 ||     1
Armor: Robe              |    22 |     3 |    10 ||    35
       Skin              |       |     5 |    35 ||    40
Dodge: Dodged            |    85 |   129 |   225 ||   439
